 Dungeon Crawl Stone Soup version 0.29-a0-520-gc852659d43 (webtiles) character file.

Game seed: 8000236270705175904

135 xian the Skirmisher (level 5, 0/57 HPs)
             Began as an Ogre Berserker on May 31, 2022.
             Was a Believer of Trog.
             Slain by ptdevnull's ghost (5 damage)
             ... on level 3 of the Dungeon.
             The game lasted 00:07:30 (3402 turns).

xian the Skirmisher (Ogre Berserker)                Turns: 3402, Time: 00:07:30

Health: 0/57       AC:  7    Str: 23    XL:     5   Next: 18%
Magic:  5/5        EV: 10    Int:  8    God:    Trog [**....]
Gold:   172        SH:  0    Dex:  8    Spells: 4/4 levels left

rFire   . . .      SeeInvis .   a - +0 spear
rCold   . . .      Faith    .   (no shield)
rNeg    . . .      Spirit   .   b - +0 animal skin
rPois   .          Reflect  .   (helmet restricted)
rElec   .          Harm     .   (no cloak)
rCorr   +          Rampage  .   (gloves unavailable)
Will    ++...                   (boots unavailable)
Stlth   +.........              (no amulet)
HPRegen 1.19/turn               g - ring of resist corrosion
MPRegen 0.09/turn               p - +4 ring of protection

@: strong-willed, on berserk cooldown, regenerating, slowed, very slow
A: large, unfitting armour, tough skin 1
a: Renounce Religion, Berserk, Trog's Hand


You were on level 3 of the Dungeon.
You worshipped Trog.
Trog was pleased with you.
You visited 1 branch of the dungeon, and saw 3 of its levels.

You collected 172 gold pieces.

Inventory:

Hand Weapons
 a - a +0 spear (weapon)
Missiles
 r - a throwing net (quivered)
Armour
 b - a +0 animal skin (worn)
Jewellery
 g - a ring of resist corrosion (left hand)
 p - a +4 ring of protection (right hand)
Wands
 n - a wand of mindburst (7)
Scrolls
 e - a scroll of poison {unknown}
 h - a scroll of identify {unknown}
 i - a scroll of vulnerability {unknown}
 j - a scroll of immolation
 k - 2 scrolls of teleportation {unknown}
 l - a scroll of acquirement {unknown}
 m - a scroll of noise {unknown}
 q - a scroll of enchant armour {unknown}
Potions
 c - a potion of heal wounds {unknown}
 d - a potion of might {unknown}
 f - a potion of degeneration {unknown}
 o - a potion of haste {unknown}


   Skills:
 + Level 5.4 Fighting
 + Level 4.0 Polearms
 + Level 3.6 Dodging
 + Level 0.5 Stealth


You had 4 spell levels left.
You didn't know any spells.
Your spell library was empty.

Dungeon Overview and Level Annotations

Branches:
Dungeon (3/15)

Altars:

Annotations:
D:3 ptdevnull's ghost, amateur DENe


Innate Abilities, Weirdness & Mutations

You are too large for most types of armour.
You have tough skin. (AC +1)


Message History

You barely miss ptdevnull's ghost.
Ptdevnull's ghost is moderately damaged.
Ptdevnull's ghost hits you!
You barely miss ptdevnull's ghost.
Ptdevnull's ghost is moderately damaged.
You closely miss ptdevnull's ghost.
Ptdevnull's ghost is moderately damaged.
Ptdevnull's ghost hits you!
You hit ptdevnull's ghost.
Ptdevnull's ghost is heavily damaged.
You puncture ptdevnull's ghost!
Ptdevnull's ghost is almost destroyed.
Ptdevnull's ghost draws life force from you!
Ptdevnull's ghost is healed by the life force!
You puncture ptdevnull's ghost!
Ptdevnull's ghost is almost destroyed.
Ptdevnull's ghost hits you but does no damage.
You hit ptdevnull's ghost.
Ptdevnull's ghost is almost destroyed.
You closely miss ptdevnull's ghost.
Ptdevnull's ghost is almost destroyed.
Ptdevnull's ghost draws life force from you!
* * * LOW HITPOINT WARNING * * *
Ptdevnull's ghost is healed by the life force!
You closely miss ptdevnull's ghost.
Ptdevnull's ghost is heavily damaged.
You are no longer berserk.
You are exhausted.
You feel yourself slow down.
You don't know any spells.
Your skin crawls.
You feel strong-willed. Ptdevnull's ghost hits you!
* * * LOW HITPOINT WARNING * * *
x2 Ptdevnull's ghost barely misses you.
Okay, then.
As you read the scroll labelled ZEISA LYEMUPUM, it crumbles to dust.
The creatures around you are filled with an inner flame!
It was a scroll of immolation.
Ptdevnull's ghost hits you.
You die...

#.# #...#.. #.# ###.#..
###.# #.#[. #...# #.###
##.#.# #..'. ####....#
##.#. #######.......#
####.##
#.....#..#..†####.....#
#?≈≈≈W@...............#
#.....#......####......
#########.....######...
#.......## #...
#........# #...
#........# ##.#
..###.....#.#####.#
.........##......†.
..#####.###........


You could see ptdevnull's ghost (inner flame).

Vanquished Creatures
  A hound (D:3)
  2 adders (D:2)
  An ufetubus (D:3)
  2 worms
  A dart slug (D:2)
  7 endoplasms
  4 giant cockroaches
  5 goblins
  5 hobgoblins
  7 kobolds
  6 quokkas
  12 ball pythons
  9 bats
  5 frilled lizards
  6 rats
73 creatures vanquished.

Vanquished Creatures (others)
  3 plants (D:2)
3 creatures vanquished.

Grand Total: 76 creatures vanquished

Notes
Turn   | Place    | Note
-------+----------+-------------------------------------------
     0 | D:1      | xian the Ogre Berserker began the quest for the Orb.
     0 | D:1      | Reached XP level 1. HP: 24/24 MP: 1/1
   255 | D:1      | Found a faded altar of an unknown god.
   393 | D:1      | Reached XP level 2. HP: 28/32 MP: 2/2
  1352 | D:1      | Reached XP level 3. HP: 40/40 MP: 3/3
  1607 | D:2      | Reached ** piety under Trog
  2128 | D:2      | Reached XP level 4. HP: 43/49 MP: 4/4
  2154 | D:2      | Reached skill level 5 in Fighting
  2943 | D:3      | Reached XP level 5. HP: 31/57 MP: 5/5
  3354 | D:3      | Found a runed translucent door.
  3383 | D:3      | Noticed ptdevnull's ghost (amateur DENe)
  3402 | D:3      | Slain by ptdevnull's ghost

Illustrated notes

Levels and vault maps discovered:
D:1:      matt_arrival_los_fun, layout_basic, dilly_ecumenical_altar_fadedgnrine
D:2:      layout_rooms, serial_forest, infiniplex_forest_lined_corner,
          infiniplex_forest_lined_room_3, infiniplex_forest_end_double,
          infiniplex_forest_clump_diagonal, infiniplex_forest_lined_3_way,
          infiniplex_forest_clump_curved, infiniplex_forest_zigzag_2,
          minmay_octomino_c4
D:3:      layout_loops_ring, ebering_ghost_reflecting_pool,
          minmay_divided_ellipse

Skill      XL: |  1  2  3  4  5 |
---------------+----------------+-----
Dodging        | 3 |  3.6
Fighting       | 5 |  5.4
Polearms       | 4 |  4.0
Stealth        | |  0.5

Action                   |  1- 3 |  4- 6 || total
-------------------------+-------+-------++-------
Melee: Spear             |   172 |   134 ||   306
       Punch             |       |     1 ||     1
Invok: Berserk           |     1 |     3 ||     4
       Trog's Hand       |       |     2 ||     2
  Use: Scroll            |       |     1 ||     1
 Stab: Sleeping          |     1 |     1 ||     2
Armor: Animal skin       |    66 |    74 ||   140
Dodge: Dodged            |   100 |   105 ||   205

Table legend: (Time is in decaauts)
 A = Elapsed time spent in this place.
 B = Non-inter-level travel time spent in this place.
 C = Inter-level travel time spent in this place.
 D = Time resting spent in this place.
 E = Time spent auto-exploring this place.
 F = Levels seen in this place.
 G = Mean time per level.
                   A        B        C        D        E       F      G
               +--------+--------+--------+--------+--------+-----+--------+
         Total |   3399 |   3341 |     58 |    313 |   2137 |   3 | 1133.0 |
       Dungeon |   3399 |   3341 |     58 |    313 |   2137 |   3 | 1133.0 |
               +--------+--------+--------+--------+--------+-----+--------+

Top non-repeatable levels by time:
     D:1: 1485 daAuts
     D:2: 1319 daAuts
     D:3: 595 daAuts
